 Dungeon Crawl Stone Soup version 0.31-a0-202-g547052bce9 (webtiles) character file.

Game seed: 3913535520075317270

77 qw the Shooter (level 4, -5/25 HPs)
             Began as a Deep Elf Hunter on June 26, 2023.
             Slain by a hobgoblin
             ... wielding the +12 rapier of Ahaneu Ymyn {flame, Fragile rC++ Str+3 SInv}
              (15 damage)
             ... on level 2 of the Dungeon.
             The game lasted 00:00:27 (976 turns).

qw the Shooter (Deep Elf Hunter)                     Turns: 976, Time: 00:00:27

Health: -5/25      AC:  6    Str: 10    XL:     4   Next: 14%
Magic:  6/6        EV:  9    Int: 14    God:
Gold:   74         SH:  0    Dex: 18    Spells: 3/3 levels left

rFire   . . .        a - +0 shortbow
rCold   . . .        (shield currently unavailable)
rNeg    . . .        f - +0 scale mail
rPois   .            (no helmet)
rElec   .            (no cloak)
rCorr   .            (no gloves)
SInv    .            (no boots)
Will    .....        (no amulet)
Stlth   +            (no ring)
HPRegen 0.24/turn    (no ring)
MPRegen 0.10/turn

%: no passive effects
@: no status effects
A: no striking features
a: no special abilities


You were on level 2 of the Dungeon.
You visited 1 branch of the dungeon, and saw 2 of its levels.

You collected 74 gold pieces.


   Skills:
 - Level 1.5 Fighting
 + Level 7.5 Ranged Weapons
 - Level 2.4 Dodging
 - Level 1.2 Stealth


You had 3 spell levels left.
You didn't know any spells.
Your spell library was empty.

Inventory:

Hand Weapons
 a - a +0 shortbow (weapon)
Armour
 b - a +0 pair of gloves
 f - a +0 scale mail (worn)
 i - a +0 ring mail
Potions
 c - a potion of heal wounds {unknown}
 d - a potion of invisibility {unknown}
 e - 2 potions of curing {unknown}
 g - a potion of attraction {unknown}
 h - 2 potions of brilliance {unknown}

Dungeon Overview and Level Annotations

Branches:
Dungeon (2/15)

Altars:

Shops:
D:1 :


Message History

The bat hits you. The jackal bites you.
The quokka twitches its whiskers.
The frilled lizard bites you but does no damage.
The jackal bites you but does no damage.
You shoot an arrow. The arrow misses the jackal.
The bat completely misses you. x2
A jackal comes into view.
The jackal barely misses you. The frilled lizard barely misses you.
The jackal bites you but does no damage.
You shoot an arrow. The arrow hits the jackal!
You kill the jackal!
The bat hits you but does no damage.
The frilled lizard bites you but does no damage.
The frilled lizard closely misses you. The rat closely misses you.
You shoot an arrow.
The arrow hits the rat but does no damage.
The bat hits you but does no damage. x2; The rat bites you.
The frilled lizard bites you.
You shoot an arrow. The arrow barely misses the bat.
The bat completely misses you. The rat bites you.
The frilled lizard barely misses you. The bat barely misses you.
You shoot an arrow. The arrow hits the rat!
You kill the rat!
The bat hits you but does no damage.
The frilled lizard bites you but does no damage. x2
You shoot an arrow. The arrow hits the jackal.
You kill the jackal!
The bat hits you. The jackal completely misses you.
The frilled lizard barely misses you.
You shoot an arrow. The arrow hits the jackal!
You kill the jackal!
The bat hits you but does no damage. The frilled lizard bites you.
The bat misses you.
You shoot an arrow. The arrow hits the hobgoblin.
The hobgoblin is almost dead.
The bat hits you but does no damage. x2; The frilled lizard barely misses you.
The hobgoblin barely misses you.
The hobgoblin hits you with the +12 rapier of Ahaneu Ymyn {flame, Fragile rC++ Str+3 SInv}!
Ouch! That really hurt!
You die...

...#~~~~#
#._.#~~~~########
#...#~~~~........
##+ #~~~.########
#.##~~~.#######
#...~~~.......#
#.###~#.#####.#
[.?.?##.####
#...b@...#
#.###lg#.# #.
#r...# .##.... #
...... ##...#
...# ##.


You could see a quokka, a hobgoblin, a bat and a frilled lizard.

Vanquished Creatures
  3 adders (D:2)
  2 dart slugs (D:1)
  3 orcs (D:2)
  A bat (D:1)
  A giant cockroach (D:1)
  3 goblins (D:1)
  3 hobgoblins
  11 jackals
  4 kobolds
  2 ball pythons (D:1)
  4 frilled lizards
  4 rats
41 creatures vanquished.

Notes
Turn   | Place    | Note
-------+----------+-------------------------------------------
     0 | D:1      | qw the Deep Elf Hunter began the quest for the Orb.
     0 | D:1      | Reached XP level 1. HP: 12/12 MP: 3/3
     0 | D:1      | 0 ||| qw: Version: 0.3-a-22-g0ed2b0b
     0 | D:1      | 0 ||| qw: Game counter: 6113
     0 | D:1      | 0 ||| qw: Melee chars always use a shield: true
     0 | D:1      | 0 ||| qw: God list: Okawaru
     0 | D:1      | 0 ||| qw: Allow faded altars: false
     0 | D:1      | 0 ||| qw: Do Orc after clearing Dungeon:15 true
     0 | D:1      | 0 ||| qw: Do second Lair branch before Depths: true
     0 | D:1      | 0 ||| qw: Lair rune preference: random
     0 | D:1      | 0 ||| qw: Goals: Normal
     0 | D:1      | 0 ||| PLANNING D:1-11
   201 | D:1      | Found Hoafeo's Book Emporium.
   209 | D:1      | Reached skill level 6 in Ranged Weapons
   209 | D:1      | Reached XP level 2. HP: 10/16 MP: 4/4
   634 | D:1      | 634 ||| UPGRADING to +0 scale mail.
   644 | D:1      | 644 ||| DROPPING +0 leather armour.
   645 | D:1      | 645 ||| DROPPING scroll of butterflies.
   758 | D:2      | Reached XP level 3. HP: 13/20 MP: 5/5
   806 | D:2      | Reached skill level 7 in Ranged Weapons
   942 | D:2      | Found a faded altar of an unknown god.
   956 | D:2      | Identified the +12 rapier of Ahaneu Ymyn {flame, Fragile
                  | rC++ Str+3 SInv}
   965 | D:2      | Reached XP level 4. HP: 23/25 MP: 6/6
   976 | D:2      | Slain by a hobgoblin

Levels and vault maps discovered:
D:1:      heliophobic_arrival_enchanted_forest, layout_loops_ring, serial_shops,
          nicolae_shop_tiny_glass
D:2:      layout_loops_ring, nicolae_ecumenical_lake_church, minmay_vboxes

Skill      XL: |  1  2  3 |
---------------+----------+-----
Ranged Weapons | 6 7 |  7.5
Fighting       | |  1.5
Dodging        | |  2.4
Stealth        | |  1.2

Action                     |  1- 3 |  4- 6 || total
---------------------------+-------+-------++-------
   Fire: Shortbow          |   114 |    12 ||   126
 Armour: Leather armour    |     5 |       ||     5
         Scale mail        |    43 |    19 ||    62
  Dodge: Dodged            |    48 |    19 ||    67

Table legend:
 A = Non-vault XP
 B = Vault XP
 C = Vault XP percentage of total XP
 D = Non-vault monster count
 E = Vault monster count
 F = Vault count percentage of total count
                 A         B        C        D         E       F
            +---------+---------+-------+---------+---------+-------
      Total |      95 |      16 |  14.4 |      38 |       3 |   7.3
            +---------+---------+-------+---------+---------+-------
        D:1 |      34 |       0 |   0.0 |      18 |       0 |   0.0
        D:2 |      61 |      16 |  20.8 |      20 |       3 |  13.0
            +---------+---------+-------+---------+---------+-------
